 Dungeon Crawl Stone Soup version 0.23.2-40-g277498a001 (webtiles) character file.

Game seed: 3372124257950597402

52 DildoBatman the Magician (level 4, -1/30 HPs)
             Began as a Formicid Wizard on Sept 17, 2019.
             Slain by a gnoll (5 damage)
             ... on level 2 of the Dungeon.
             The game lasted 00:02:24 (1451 turns).

DildoBatman the Magician (Formicid Wizard)          Turns: 1451, Time: 00:02:24

Health: -1/30      AC:  4    Str: 12    XL:     4   Next: 8%
Magic:  0/8        EV: 12    Int: 18    God:
Gold:   76         SH:  0    Dex:  9    Spells: 2/9 levels left

rFire    . . .     SeeInvis +   m - +2 whip (freeze)
rCold    . . .     Gourm    .   (no shield)
rNeg     . . .     Faith    .   a - +0 robe
rPois    .         Spirit   .   (helmet unavailable)
rElec    .         Reflect  .   (no cloak)
rCorr    .         Harm     .   (no gloves)
MR       .....                  d - +1 pair of boots
Stlth    ++........             (no amulet)
HPRegen  0.10/turn              h - ring of teleportation (curse)
MPRegen  0.11/turn              (no ring)

@: very slightly contaminated
A: permanent stasis, dig shafts and tunnels, four strong arms, antennae 3
a: Dig, Shaft Self


You were on level 2 of the Dungeon.
You were not hungry.

You visited 1 branch of the dungeon, and saw 2 of its levels.

You collected 76 gold pieces.

Inventory:

Hand Weapons
 m - a +2 whip of freezing (weapon)
Missiles
 p - 55 stones (quivered)
 q - 22 sling bullets
 s - 21 bolts
Armour
 a - a +0 robe (worn)
 b - a cursed -2 ring mail
 d - a +1 pair of boots (worn)
Jewellery
 h - a cursed ring of teleportation (left hand)
Scrolls
 c - a scroll of remove curse {unknown}
 f - a scroll of blinking {unknown}
 g - 2 scrolls of amnesia {unknown}
 j - 5 scrolls of identify {unknown}
 k - a scroll of teleportation {unknown}
 l - 2 scrolls of immolation {unknown}
 n - a scroll of fear {unknown}
Potions
 e - a potion of degeneration {unknown}
 i - a potion of ambrosia {unknown}
 r - a potion of haste {unknown}
Comestibles
 o - a chunk of flesh
 v - 4 rations


   Skills:
 - Level 1.7 Dodging
 - Level 2.4 Stealth
 - Level 3.2 Spellcasting
 * Level 3.2 Conjurations
   Level 1.0 Summonings
   Level 0.8 Translocations


You had 2 spell levels left.
You knew the following spells:

 Your Spells              Type           Power        Failure   Level  Hunger
a - Conjure Flame         Conj/Fire      #.......     24%         3    ###....
c - Magic Dart            Conj           ##..         4%          1    None
e - Mephitic Cloud        Conj/Pois/Air  #.......     30%         3    ###....

Your spell library contained the following spells:

 Spells                   Type           Power        Failure   Level  Hunger
 Call Imp                 Summ           #.......     16%         2    ##.....
 Slow                     Hex            #.......     24%         2    ##.....
 Blink                    Tloc           Unusable     N/A         2    N/A

Dungeon Overview and Level Annotations

Branches:
Dungeon (2/15)

Altars:


Innate Abilities, Weirdness & Mutations

You cannot be hasted, slowed, berserked, paralysed or teleported.
You can dig through walls and to a lower floor.
Your four strong arms can wield two-handed weapons with a shield.
You have a pair of large antennae on your head. (SInv)


Message History

You hit the gnoll but do no damage.
The gnoll is moderately wounded.
The gnoll misses you. The gnoll hits you.
Casting: Magic Dart (safe; 4% risk of failure)
Confirm with . or Enter, or press ? or * to list all spells.
You don't have enough magic to cast that spell.
You hit the gnoll. You freeze the gnoll.
The gnoll is heavily wounded.
The gnoll barely misses you. The gnoll closely misses you.
Casting: Magic Dart (safe; 4% risk of failure)
Confirm with . or Enter, or press ? or * to list all spells.
You don't have enough magic to cast that spell.
You closely miss the gnoll.
The gnoll is heavily wounded.
The gnoll closely misses you. The gnoll hits you.
You die...

#.# #.... #. ###.#
#...# #. #.... ##...#
#. #.#.) {
....#.####.###.#.. ....
..........#.. #s.#
.####.....#.. #gg#
#.....#.. #@.##.#
##.....#..
#..##.###.......#.
#..##.#...........
#..##.#.#...<...#.
♣#♣#♣#♣.##.#.##.....##.
.......).....###...###.
♣#♣#♣#♣.##.#...........
#................
#.##.#.####>.....


You could see 2 gnolls and a giant cockroach.

Vanquished Creatures
  A gnoll (D:2)
  An ooze (D:2)
  4 dart slugs
  5 bats
  2 giant cockroaches
  6 goblins
  A hobgoblin (D:1)
  3 kobolds
  3 frilled lizards
  3 rats (D:1)
29 creatures vanquished.

Notes
Turn   | Place    | Note
-------+----------+-------------------------------------------
     0 | D:1      | DildoBatman the Formicid Wizard began the quest for the
                  | Orb.
     0 | D:1      | Reached XP level 1. HP: 13/13 MP: 4/4
    41 | D:1      | Reached skill level 1 in Conjurations
   126 | D:1      | Reached XP level 2. HP: 19/19 MP: 3/6
   599 | D:1      | Reached XP level 3. HP: 23/24 MP: 1/7
   604 | D:1      | Learned a level 3 spell: Conjure Flame
   608 | D:1      | Learned a level 3 spell: Mephitic Cloud
  1000 | D:1      | You fall through a shaft!
  1437 | D:2      | Reached XP level 4. HP: 20/30 MP: 1/8
  1451 | D:2      | Slain by a gnoll

Skill      XL: |  1  2  3 |
---------------+----------+-----
Conjurations   | 1 2 3 |  3.2
Dodging        | |  1.7
Stealth        | |  2.4
Spellcasting   | |  3.2
Summonings     | |  1.0
Translocations | |  0.8

Action                   |  1- 3 |  4- 6 || total
-------------------------+-------+-------++-------
Melee: Unarmed           |    30 |       ||    30
       Whip              |    20 |     5 ||    25
 Cast: Magic Dart        |    58 |     1 ||    59
 Stab: Sleeping          |     1 |       ||     1
  Eat: Chunk             |     2 |       ||     2
Armor: Robe              |    31 |     1 ||    32
Dodge: Dodged            |    60 |     6 ||    66
